 Dungeon Crawl Stone Soup version 0.29-a0-330-g52719c12eb (webtiles) character file.

Game seed: 12612545048362146119

1093 dohliylev the Ruffian (level 8, -6/74 HPs)
             Began as a Troll Warper on May 27, 2022.
             Mangled by a slime creature (15 damage)
             ... on level 5 of the Dungeon.
             The game lasted 00:12:45 (3702 turns).

dohliylev the Ruffian (Troll Warper)                Turns: 3702, Time: 00:12:46

Health: -6/74      AC:  4    Str: 22    XL:     8   Next: 9%
Magic:  9/9        EV: 10    Int:  9    God:
Gold:   238        SH:  0    Dex:  9    Spells: 2/10 levels left

rFire   . . .      SeeInvis .     - Unarmed
rCold   . . .      Faith    .   (no shield)
rNeg    . . .      Spirit   .   a - +0 robe
rPois   .          Reflect  .   (helmet restricted)
rElec   .          Harm     .   p - scarf {shadows}
rCorr   .          Rampage  .   (gloves unavailable)
Will    +....                   (boots unavailable)
Stlth   +.........              w - amulet of regeneration
HPRegen 1.82/turn               x - ring of willpower
MPRegen 0.11/turn               (no ring)

@: lethally poisoned (-6 -> -7), slowed, very slow
A: large, unfitting armour, claws 3, regeneration 1, shaggy fur 1, tough skin 1
a: no special abilities


You were on level 5 of the Dungeon.
You visited 1 branch of the dungeon, and saw 7 of its levels.

You collected 238 gold pieces.

Inventory:

Missiles
 c - 7 boomerangs of dispersal
 k - 7 boomerangs (quivered)
 y - 4 silver javelins
 B - a throwing net
Armour
 a - a +0 robe (worn)
 p - a scarf of shadows (worn)
 A - a +0 cloak
Jewellery
 w - an amulet of regeneration (around neck)
 x - a ring of willpower (left claw)
Wands
 z - a wand of digging (4)
Scrolls
 b - a scroll of blinking
 e - 3 scrolls of magic mapping {unknown}
 h - 2 scrolls of silence {unknown}
 j - 2 scrolls of noise {unknown}
 l - 6 scrolls of identify {unknown}
 o - a scroll of teleportation {unknown}
 r - a scroll of enchant armour {unknown}
 t - 4 scrolls of fear {unknown}
Potions
 d - a potion of attraction {unknown}
 f - 4 potions of ambrosia {unknown}
 g - 2 potions of heal wounds {unknown}
 i - a potion of flight {unknown}
 m - 2 potions of curing {unknown}
 n - 3 potions of might {unknown}
 q - a potion of mutation {unknown}
 s - 2 potions of brilliance {unknown}
 u - a potion of degeneration {unknown}
 v - 3 potions of lignification {unknown}
 C - a potion of haste {unknown}


   Skills:
 + Level 2.7 Fighting
 - Level 4.1 Throwing
 + Level 4.0 Dodging
 + Level 6.0 Unarmed Combat
 + Level 1.6 Spellcasting
 + Level 2.7 Translocations


You had 2 spell levels left.
You knew the following spells:

 Your Spells              Type           Power      Damage    Failure   Level
a - Blink                 Tloc           10%        N/A       17%         2
b - Lesser Beckoning      Tloc           5%         N/A       34%         3
c - Teleport Other        Tloc           5%         N/A       34%         3

Your spell library contained the following spells:

 Spells                   Type           Power      Damage    Failure   Level
 Animate Skeleton         Necr           0%         N/A       34%         1
 Pain                     Necr           0%         1d4       34%         1
 Gell's Gravitas          Tloc           5%         N/A       34%         3
 Manifold Assault         Tloc           5%         N/A       97%         5


Dungeon Overview and Level Annotations

Branches:
Dungeon (7/15)
 Temple: D:4-7

Altars:
Fedhas
Gozag
Makhleb
Qazlal
The Shining One

Shops:
D:4 (


Innate Abilities, Weirdness & Mutations

You are too large for most types of armour.
You have claws for hands.
Your natural rate of healing is unusually fast.
You are covered in fur. (AC +1)
You have tough skin. (AC +1)


Message History

The kobold brigand throws a curare-tipped dart.
The curare-tipped dart hits you.
You are poisoned.
You have difficulty breathing.
You feel yourself slow down.
You feel very sick.
The kobold brigand throws a curare-tipped dart.
The curare-tipped dart closely misses you.
You feel very sick.
The kobold brigand throws a curare-tipped dart.
The curare-tipped dart barely misses you.
The kobold brigand throws a curare-tipped dart.
The curare-tipped dart hits you.
You are more poisoned.
You have difficulty breathing.
You feel as though you will be slow longer.
You feel extremely sick.
You feel very sick.
The kobold brigand throws a curare-tipped dart.
The curare-tipped dart hits you.
You are more poisoned.
You have difficulty breathing.
You feel as though you will be slow longer.
You feel extremely sick.
The kobold brigand throws a curare-tipped dart.
The curare-tipped dart hits you.
You are more poisoned.
You have difficulty breathing.
You feel as though you will be slow longer.
You feel extremely sick.
The slime creature attacks as you move away!
The slime creature hits you!
* * * LOW HITPOINT WARNING * * *
You feel extremely sick.
The kobold brigand throws a curare-tipped dart.
The curare-tipped dart closely misses you.
You feel very sick. The slime creature closely misses you.
The slime creature attacks as you move away!
The slime creature hits you!
You die...

##### ######## #...### #......#
#.....# #..[...# #.....+ #......#
#.....# #......# ###'####
####......######### #####......#
..'......'....(.[.
........#..#+#####......########.
#####.#.#...>...@JK.......J....).
#.#.................########.
#.###...............# ##.
#####...................# #..
#....)###...............# ##J
#....)###...............# ##.
#....)...####...........# ##..
#.......................# #...
#.###...................# #...


You could see a slime creature and a kobold brigand.

Vanquished Creatures
  Sigmund (D:5)
  Menkaure (D:5)
  Edmund (D:5)
  A sky beast (D:5)
  Blork the orc (D:5)
  2 scorpions (D:4)
  A hound (D:5)
  Crazy Yiuf (D:4)
  An orc priest (D:4)
  Jessica (D:3)
  A gnoll shaman (D:5)
  2 iguanas (D:4)
  2 orc wizards (D:5)
  3 gnolls (D:5)
  3 adders
  4 dart slugs
  13 orcs
  4 ball pythons
  13 endoplasms
  4 giant cockroaches
  8 goblins
  9 hobgoblins
  4 jackals (D:3)
  6 quokkas
  3 training dummies (D:4)
  9 bats
  3 frilled lizards
  12 kobolds
  7 rats
121 creatures vanquished.

Vanquished Creatures (others)
  3 fungi (D:5)
  6 toadstools (D:5)
9 creatures vanquished.

Grand Total: 130 creatures vanquished

Notes
Turn   | Place    | Note
-------+----------+-------------------------------------------
     0 | D:1      | dohliylev the Troll Warper began the quest for the Orb.
     0 | D:1      | Reached XP level 1. HP: 19/19 MP: 1/1
   104 | D:1      | Reached XP level 2. HP: 28/28 MP: 3/3
   410 | D:1      | Reached XP level 3. HP: 30/35 MP: 4/4
   413 | D:1      | Learned a level 2 spell: Blink
   988 | D:2      | Found a faded altar of an unknown god.
  1162 | D:2      | Reached XP level 4. HP: 42/42 MP: 5/5
  1213 | D:2      | Reached skill level 3 in Unarmed Combat
  1251 | D:2      | Reached skill level 1 in Throwing
  1613 | D:3      | Noticed Jessica
  1620 | D:3      | Killed Jessica
  1625 | D:3      | Got Jessica's Disquisition on Unholy Rituals
  2210 | D:4      | Found Emmyna's Firing Range.
  2218 | D:4      | Reached XP level 5. HP: 49/49 MP: 6/6
  2332 | D:4      | Found an opulent altar of Gozag.
  2409 | D:4      | Reached XP level 6. HP: 57/57 MP: 7/7
  2477 | D:4      | Found a stormy altar of Qazlal.
  2477 | D:4      | Found a glowing golden altar of the Shining One.
  2635 | D:4      | Found a runed translucent door.
  2636 | D:4      | Noticed Crazy Yiuf
  2640 | D:4      | Killed Crazy Yiuf
  2702 | D:4      | Found a blossoming altar of Fedhas.
  2784 | D:4      | Reached skill level 4 in Unarmed Combat
  2992 | D:5      | Entered Level 5 of the Dungeon
  3096 | D:5      | Noticed Menkaure
  3099 | D:5      | Killed Menkaure
  3100 | D:5      | Reached XP level 7. HP: 65/65 MP: 8/8
  3166 | D:5      | Noticed Blork the orc
  3197 | D:5      | Reached skill level 5 in Unarmed Combat
  3278 | D:5      | Noticed Sigmund
  3280 | D:5      | Killed Blork the orc
  3369 | D:6      | Found a burning altar of Makhleb.
  3397 | D:6      | Learned a level 3 spell: Lesser Beckoning
  3401 | D:6      | Learned a level 3 spell: Teleport Other
  3424 | D:6      | Noticed a yak
  3435 | D:5      | Noticed Edmund
  3460 | D:5      | Killed Edmund
  3635 | D:5      | Killed Sigmund
  3636 | D:5      | Reached skill level 6 in Unarmed Combat
  3636 | D:5      | Reached XP level 8. HP: 73/74 MP: 9/9
  3666 | D:5      | Noticed a slime creature
  3666 | D:5      | Noticed a slime creature
  3702 | D:5      | Mangled by a slime creature

Illustrated notes

Levels and vault maps discovered:
D:1:      dpeg_arrival_court, layout_loops_cross
D:2:      layout_rooms, hellmonk_ecumenical_altar_zigzags
D:3:      layout_loops_corners, kennysheep_jessica_study
D:4:      layout_cave_pools, grunt_temple_overflow_open, grunt_gozag_statues,
          grunt_decor_resistance, nicolae_shop_firing_range,
          uniq_crazy_yiuf_cottage
D:5:      cheibrodos_fertilizer, layout_basic, minmay_temple_entry_butterflies,
          uniq_edmund, uniq_sigmund, uniq_blork_the_orc, uniq_menkaure,
          uniq_grinder
D:6:      cheibrodos_thug_alley, layout_loops_corners,
          worldfamousw_hep_ancestral_shrine, gammafunk_temple_overflow_arena,
          kennysheep_mini, chequers_temple_overflow_statue_of_worship,
          st_stairs_7
D:7:      layout_basic, chequers_serial_rivers_large_a

Skill      XL: |  1  2  3  4  5  6  7 |
---------------+----------------------+-----
Dodging        | 2 3 4 |  4.0
Unarmed Combat | 3 4 6 |  6.0
Throwing       | 1 2 3 4 |  4.1
Fighting       | 2 |  2.7
Spellcasting   | |  1.6
Translocations | |  2.7

Action                   |  1- 3 |  4- 6 |  7- 9 || total
-------------------------+-------+-------+-------++-------
Melee: Unarmed           |    96 |   118 |    65 ||   279
       Punch             |     2 |     4 |     3 ||     9
Throw: Boomerang         |    24 |    34 |    24 ||    82
       Javelin           |       |     3 |       ||     3
 Cast: Blink             |     3 |       |     4 ||     7
 Stab: Sleeping          |       |     1 |       ||     1
Armor: Robe              |    28 |    36 |     6 ||    70
Dodge: Dodged            |    46 |    52 |    33 ||   131

Table legend: (Time is in decaauts)
 A = Elapsed time spent in this place.
 B = Non-inter-level travel time spent in this place.
 C = Inter-level travel time spent in this place.
 D = Time resting spent in this place.
 E = Time spent auto-exploring this place.
 F = Levels seen in this place.
 G = Mean time per level.
                   A        B        C        D        E       F      G
               +--------+--------+--------+--------+--------+-----+--------+
         Total |   3705 |   3607 |     98 |    205 |   2191 |   7 |  529.3 |
       Dungeon |   3705 |   3607 |     98 |    205 |   2191 |   7 |  529.3 |
               +--------+--------+--------+--------+--------+-----+--------+

Top non-repeatable levels by time:
     D:1: 872 daAuts
     D:3: 843 daAuts
     D:4: 779 daAuts
     D:5: 581 daAuts
     D:2: 500 daAuts
     D:6: 120 daAuts
     D:7: 8 daAuts
